 Dungeon Crawl Stone Soup version 0.30-a0-779-g7971cf19c3 (webtiles) character file.

Game seed: 5561333447270078343

105 dialectric the Sneak (level 4, 0/29 HPs)
             Began as an Octopode Brigand on Feb 17, 2023.
             Slain by an orc wizard
             ... wielding a +0 dagger
              (4 damage)
             ... on level 3 of the Dungeon.
             The game lasted 00:02:36 (1693 turns).

dialectric the Sneak (Octopode Brigand)             Turns: 1693, Time: 00:02:36

Health: 0/29       AC:  1    Str: 10    XL:     4   Next: 83%
Magic:  4/4        EV: 13    Int: 13    God:
Gold:   98         SH:  0    Dex: 21    Spells: 3/3 levels left

rFire   . . .      SeeInvis .    a - +2 dagger
rCold   . . .      Faith    .    (no shield)
rNeg    . . .      Spirit   .    (helmet restricted)
rPois   .          Reflect  .    (no amulet)
rElec   .          Harm     .    m - +6 ring of dexterity
rCorr   .          Rampage  .    (no ring)
Will    .....                    (no ring)
Stlth   +++++                    (no ring)
HPRegen 0.24/turn                (no ring)
MPRegen 0.09/turn                (no ring)
                                 (no ring)
                                 (no ring)

@: no status effects
A: almost no armour, amphibious, 8 rings, camouflage 1, gelatinous body 1,
(nimble swimmer 1), tentacles
a: no special abilities


You were on level 3 of the Dungeon.
You visited 1 branch of the dungeon, and saw 3 of its levels.

You collected 98 gold pieces.

Inventory:

Hand Weapons
 a - a +2 dagger (weapon)
Missiles
 b - 5 poisoned darts
 c - 2 curare-tipped darts (quivered)
Jewellery
 m - a +6 ring of dexterity (left tentacle)
Scrolls
 d - a scroll of enchant weapon {unknown}
 e - 4 scrolls of identify
 h - a scroll of enchant armour {unknown}
 i - a scroll of noise {unknown}
 l - a scroll of brand weapon {unknown}


   Skills:
 + Level 2.2 Fighting
 + Level 2.6 Short Blades
 + Level 2.0 Throwing
 + Level 1.1 Dodging
 * Level 7.6 Stealth


You had 3 spell levels left.
You didn't know any spells.
Your spell library contained the following spells:

 Spells                   Type           Power      Damage    Failure   Level
 Sandblast                Erth           0%         2d4       30%         1
 Passwall                 Tmut/Erth      0%         N/A       43%         2
 Dazzling Flash           Conj/Hex       0%         N/A       67%         3
 Stone Arrow              Conj/Erth      0%         3d7       67%         3
 Agony                    Necr           0%         N/A       100%        5
 Silence                  Hex/Air        0%         N/A       100%        5


Dungeon Overview and Level Annotations

Branches:
Dungeon (3/15)

Altars:
The Shining One


Innate Abilities, Weirdness & Mutations

You cannot wear most types of armour.
You are amphibious.
You can wear up to eight rings at the same time.
Your skin changes colour to match your surroundings (Stealth+).
Your rubbery body absorbs attacks. (AC +1, EV +1)
((You are camouflaged when in or above water. (Stealth+)))
You have tentacles for arms and can constrict up to eight enemies at once.


Message History

The orc wizard is lightly wounded.
Throw: 6 darts (poison)
Press: ? - help, Q - select action, (/) - cycle Shift-Dir - straight line, f/p - orc wizard
Aim: an orc wizard, wielding a +0 dagger and wearing a +0 robe (lightly wounded, very poisoned, 58% to hit)
You throw a poisoned dart. The poisoned dart hits the orc wizard.
The orc wizard looks even sicker.
The orc wizard is lightly wounded.
The orc wizard casts a spell at you.
You are confused.
Non-targeted confused throw: 3 darts (curare)
Press: ? - help, Q - select action, (/) - cycle Dir - look around, f - activate You throw a curare-tipped dart.
The orc wizard hits you with a +0 dagger.
You're too confused to move!
The orc wizard hits you with a +0 dagger.
The orc wizard points at you and mumbles some strange words.
You resist with some effort.
You're too confused to move!
The orc wizard gestures wildly while chanting.
The orc wizard flickers and vanishes!
It was a potion of curing.
You feel better.
You hear some strange, mumbled words.
You are confused.
You bump into the rock wall.
Something hits you.
You miss something. Your squeeze misses something. Something hits you.
Something hits you.
* * * LOW HITPOINT WARNING * * *
Something hits you.
* * * LOW HITPOINT WARNING * * *
It was a potion of cancellation.
Your magical effects are unravelling.
You feel magically purged.
You feel less confused. Something hits you.
* * * LOW HITPOINT WARNING * * *
You hit something but do no damage. Your squeeze misses something.
Something hits you.
* * * LOW HITPOINT WARNING * * *
You hit something. Something hits you.
You die...

######### # #.......# ##o
#.#####.#### ##..{
#.#####.##<##########
#.o...##....(..#.).........#
o..$.(((..{....##.########.#
#.....##...@...##.# #.#
##... #..........# #.# ##.#
#.......#### #.# #.#
#.......# #.# #.# #.......#
#.# #.# ######.## #.# #.#
##'## #.# #.# ##...##
#####.# #.# ##.....##
#......


There were no monsters in sight!

Vanquished Creatures
  An orc priest (D:3)
  An adder (D:2)
  A worm (D:2)
  4 dart slugs
  5 orcs (D:3)
  5 ball pythons
  2 hobgoblins
  7 kobolds
  2 quokkas (D:2)
  6 bats
  4 frilled lizards
  8 goblins
  7 rats
53 creatures vanquished.

Notes
Turn   | Place    | Note
-------+----------+-------------------------------------------
     0 | D:1      | dialectric the Octopode Brigand began the quest for the
                  | Orb.
     0 | D:1      | Reached XP level 1. HP: 14/14 MP: 1/1
    54 | D:1      | Found a faded altar of an unknown god.
   123 | D:1      | Reached XP level 2. HP: 19/19 MP: 2/2
   181 | D:1      | Reached skill level 6 in Stealth
   570 | D:2      | Reached XP level 3. HP: 24/24 MP: 3/3
  1255 | D:3      | Reached XP level 4. HP: 29/29 MP: 4/4
  1336 | D:3      | Reached skill level 7 in Stealth
  1514 | D:3      | Found a glowing golden altar of the Shining One.
  1693 | D:3      | Slain by an orc wizard

Illustrated notes

Levels and vault maps discovered:
D:1:      erik_arrival_blinker_ship, layout_rooms,
          shapermc_ecumenical_altar_starsandcircs, grunt_decor_junction,
          feat_on_display
D:2:      layout_basic
D:3:      layout_loops_corners, mainiacjoe_overflow_24_doors,
          minmay_misc_feat_secret_circle, minmay_liquid_box

Skill      XL: |  1  2  3  4 |
---------------+-------------+-----
Stealth        | 6 7 |  7.6
Fighting       | |  2.2
Short Blades   | |  2.6
Throwing       | |  2.0
Dodging        | |  1.1

Action                     |  1- 3 |  4- 6 || total
---------------------------+-------+-------++-------
  Melee: Dagger            |    73 |    25 ||    98
         Constrict         |    17 |     6 ||    23
         Tentacles         |     5 |     5 ||    10
  Throw: Dart              |       |     6 ||     6
    Use: Scroll            |       |     4 ||     4
         Potion            |       |     3 ||     3
   Stab: Sleeping          |    16 |     2 ||    18
 Armour: Skin              |    10 |     2 ||    12
  Dodge: Dodged            |    34 |    16 ||    50

Table legend: (Time is in decaauts)
 A = Elapsed time spent in this place.
 B = Non-inter-level travel time spent in this place.
 C = Inter-level travel time spent in this place.
 D = Time resting spent in this place.
 E = Time spent auto-exploring this place.
 F = Levels seen in this place.
 G = Mean time per level.
                   A        B        C        D        E       F      G
               +--------+--------+--------+--------+--------+-----+--------+
         Total |   1680 |   1656 |     24 |    169 |   1062 |   3 |  560.0 |
       Dungeon |   1680 |   1656 |     24 |    169 |   1062 |   3 |  560.0 |
               +--------+--------+--------+--------+--------+-----+--------+

Top non-repeatable levels by time:
     D:3: 585 daAuts
     D:2: 552 daAuts
     D:1: 543 daAuts
